 Dungeon Crawl Stone Soup version 0.19.1-28-ge1247f7 (webtiles) character file.

3937 Megalobster the Infuser (level 10, -2/84 HPs)
             Began as a Deep Elf Conjurer on Jan 21, 2017.
             Was a Believer of Vehumet.
             Slain by a hippogriff (4 damage)
             ... on level 8 of the Dungeon.
             The game lasted 00:44:26 (9482 turns).

Megalobster the Infuser (Deep Elf Conjurer)         Turns: 9482, Time: 00:44:28

Health: -2/84      AC: 25    Str:  2 (5)  XL:     10   Next: 1%
Magic:  3/20       EV:  2    Int: 28 (29) God:    Vehumet [**....]
Gold:   364        SH:  5    Dex: 15      Spells: 7 memorised, 8 levels left

rFire  . . .     SeeInvis .     T - +0 dagger "Neq Pof" {pierce, MR+ Int+5} (curse)
rCold  . . .     Gourm    .     (armour currently unavailable)
rNeg   + + +     Faith    .     I - +2 buckler
rPois  +         Spirit   .     (helmet currently unavailable)
rElec  .         Reflect  .     (cloak currently unavailable)
rCorr  .         Harm     .     (gloves currently unavailable)
MR     ++...     NoTele   +     (boots currently unavailable)
Stlth  +.........               U - amulet of magic regeneration
                                F - ring of loudness (curse)
                                s - ring of wizardry

@: tree-form
A: (antennae 0), (talons 0), low mp 2
a: Renounce Religion


You were on level 8 of the Dungeon.
You worshipped Vehumet.
Vehumet was pleased with you.
You were not hungry.
You were a tree.
You visited 2 branches of the dungeon, and saw 9 of its levels.

You collected 364 gold pieces.

Inventory:

Hand Weapons
 e - a +1 mace of holy wrath
 p - a +4 club
 u - a +0 short sword of speed
 v - a +0 dire flail of draining
 H - the +10 hand axe "Ymy Wyr" {drain, rElec}
   (You found it on level 5 of the Dungeon)

   A truly terrible weapon, it drains the life of those it strikes.
   It insulates you from electricity.
 M - a +0 war axe
 T - the cursed +0 dagger "Neq Pof" (weapon) {pierce, MR+ Int+5}
   (You found it on level 6 of the Dungeon)

   It inflicts extra damage upon your enemies.
   It affects your intelligence (+5).
   It affects your resistance to hostile enchantments.
   It has a curse placed upon it.
Missiles
 C - 6 tomahawks (quivered)
Armour
 a - a +0 robe
 A - a +0 robe (melded)
 E - a +2 ring mail of cold resistance
 I - a +2 buckler (worn)
 P - a +3 leather armour
 S - a +0 buckler
Jewellery
 d - an uncursed amulet of guardian spirit
 s - a ring of wizardry (left branch)
 F - a cursed ring of loudness (right branch)
 J - a +3 ring of strength
 U - an amulet of magic regeneration (around neck)
Wands
 o - a wand of slowing (34/48)
 G - a wand of slowing (21/48)
 K - a wand of paralysis (5/24)
 Y - a wand of flame (26/48)
Scrolls
 f - a scroll of recharging {unknown}
 h - 3 scrolls of teleportation
 j - 5 scrolls of identify
 k - 2 scrolls of fear
 w - a scroll of blinking {unknown}
 x - a scroll of random uselessness {unknown}
 y - 2 scrolls of magic mapping
 z - 3 scrolls of remove curse
 B - 2 scrolls of enchant weapon
 L - a scroll of acquirement {unknown}
 N - a scroll of amnesia {unknown}
 Q - 2 scrolls of immolation
 R - a scroll of summoning {unknown}
 W - a scroll of enchant armour {unknown}
Potions
 i - a potion of cancellation
 l - 5 potions of curing
 m - a potion of lignification
 r - a potion of haste
 t - a potion of brilliance
 O - a potion of might
Books
 b - a book of Conjurations

   Spells                             Type                      Level
   a - Magic Dart                     Conjuration                  1
   b - Searing Ray                    Conjuration                  2
   c - Dazzling Spray                 Conjuration/Hexes            3
   d - Fulminant Prism                Conjuration/Hexes            4
   e - Iskenderun's Mystic Blast      Conjuration                  4
   f - Iskenderun's Battlesphere      Conjuration/Charms           5
Comestibles
 c - 5 bread rations
 g - 27 fruits
 D - 4 meat rations


   Skills:
 + Level 3.9 Fighting
 - Level 2.4 Dodging
 - Level 2.4 Stealth
 + Level 9.5 Spellcasting
 * Level 11.4 Conjurations
 + Level 6.7 Hexes
 * Level 11.6 Charms


You had 8 spell levels left.
You knew the following spells:

 Your Spells              Type           Power        Failure   Level  Hunger
a - Magic Dart            Conj           ####         1%          1    None
b - Searing Ray           Conj           ######       1%          2    None
c - Iskenderun's Battles  Conj/Chrm      ######..     1%          5    ####...
d - Iskenderun's Mystic   Conj           ######..     1%          4    None
e - Dazzling Spray        Conj/Hex       ######       1%          3    None
f - Fulminant Prism       Conj/Hex       ######....   1%          4    None
g - Shock                 Conj/Air       ####         1%          1    None


Dungeon Overview and Level Annotations

Branches:
Dungeon (8/15)             Temple (1/1) D:4            Lair (0/6) D:8

Altars:
Ashenzari
Cheibriados
Dithmenos
Elyvilon
Fedhas
Gozag
Hepliaklqana
Kikubaaqudgha
Makhleb
Nemelex Xobeh
Okawaru
Qazlal
Ru
Sif Muna
Trog
Uskayaw
Vehumet
Xom
Yredelemnul
Zin
The Shining One

Shops:
D:4 =   D:6 !*

Annotations:
D:2 Natasha


Innate Abilities, Weirdness & Mutations

((You have a pair of small antennae on your head.))
((You have sharp toenails.))
Your magical capacity is very low. (-20% MP)


Message History

The hippogriff bites you but does no damage.
The hippogriff pecks you but does no damage.
The hippogriff claws you but does no damage.
You hit the hippogriff but do no damage.
The hippogriff is severely wounded.
The hippogriff bites you but does no damage.
The hippogriff completely misses you.
The hippogriff claws you but does no damage.
You completely miss the hippogriff.
The hippogriff is severely wounded.
The hippogriff bites you.
* * * LOW HITPOINT WARNING * * *
The hippogriff pecks you but does no damage.
You block the hippogriff's attack.
You hit the hippogriff but do no damage.
The hippogriff is severely wounded.
You block the hippogriff's attack.
The hippogriff pecks you but does no damage.
The hippogriff claws you.
You die...

#############
#...........#
#...........#
#..#.#####..#
#..#.#..{#..#
#.{#Z#.# #..#
#. #H#)#{#..#
# #.♣)# #..#
#### #####
#..# ...##
#..# ....##
### #..#
.....# #..
#..# .....#
#.# #..#
.....# #.#
#..# .....#
#.# #..#
.....#
#.#####..#


You could see a hippogriff and a hound skeleton.

Vanquished Creatures
  The ghost of Galewind the Conjurer, an amateur DECj (D:4)
  Edmund (D:4)
  An orc warrior (D:8)
  An ice beast (D:5)
  A sky beast (D:7)
  2 phantoms
  2 ogres (D:8)
  3 centaurs
  A big kobold (D:7)
  A scorpion (D:7)
  3 crimson imps
  A quasit (D:7)
  A centaur zombie (D:7)
  2 hounds
  2 orc priests
  Ijyb (D:2)
  A bullfrog skeleton (D:7)
  Jessica (D:2)
  3 iguanas
  Natasha (twice) (D:2)
  2 orc wizards
  5 worker ants
  A hound zombie (D:5)
  A hound skeleton (D:7)
  Robin (D:2)
  3 gnolls (D:2)
  10 adders
  An ooze (D:2)
  An adder skeleton (D:4)
  7 worms
  A dart slug (D:1)
  5 leopard geckos
  20 orcs
  2 ball pythons
  12 bats
  5 giant cockroaches
  16 goblins
  12 hobgoblins
  17 jackals
  2 quokkas
  6 frilled lizards
  2 jackal skeletons
  A jackal zombie (D:7)
  18 kobolds
  7 rats
  14 fungi (D:8)
  3 plants (D:8)
206 creatures vanquished.

Vanquished Creatures (others)
  12 fulminant prisms
  2 fungi (D:8)
  2 plants (D:8)
16 creatures vanquished.

Grand Total: 222 creatures vanquished

Notes
Turn   | Place    | Note
-------+----------+-------------------------------------------
     0 | D:1      | Megalobster the Deep Elf Conjurer began the quest for the Orb.
     0 | D:1      | Reached XP level 1. HP: 10/10 MP: 6/6
   202 | D:1      | Reached XP level 2. HP: 15/15 MP: 0/8
   276 | D:1      | Learned a level 2 spell: Searing Ray
   632 | D:1      | Reached skill level 5 in Conjurations
   819 | D:1      | Reached XP level 3. HP: 19/19 MP: 3/10
  1429 | D:2      | Noticed Ijyb
  1436 | D:2      | Killed Ijyb
  1436 | D:2      | Reached XP level 4. HP: 18/24 MP: 4/12
  1515 | D:2      | Noticed Natasha
  1528 | D:2      | Killed Natasha
  1777 | D:2      | Noticed Jessica
  1777 | D:2      | Noticed Natasha
  1781 | D:2      | Killed Natasha
  1781 | D:2      | Reached XP level 5. HP: 20/28 MP: 9/14
  1803 | D:2      | Killed Jessica
  1886 | D:2      | Reached skill level 5 in Spellcasting
  1895 | D:2      | Noticed Robin
  1904 | D:2      | Killed Robin
  2058 | D:2      | Learned a level 5 spell: Iskenderun's Battlesphere
  2063 | D:2      | Learned a level 4 spell: Iskenderun's Mystic Blast
  2165 | D:2      | Reached skill level 1 in Charms
  2512 | D:2      | Found an iron altar of Okawaru.
  2891 | D:3      | Found a bloodstained altar of Trog.
  2914 | D:3      | Found a blossoming altar of Fedhas.
  3023 | D:2      | Reached XP level 6. HP: 31/32 MP: 3/15
  3172 | D:2      | Learned a level 3 spell: Dazzling Spray
  3953 | D:2      | Noticed Natasha
  4025 | D:4      | Found Feathrokh's Jewellery Shoppe.
  4193 | D:4      | Noticed Galewind's ghost (amateur DECj)
  4200 | D:4      | Killed Galewind's ghost
  4200 | D:4      | Reached XP level 7. HP: 15/36 MP: 5/17
  4462 | D:4      | Noticed Edmund
  4473 | D:4      | Killed Edmund
  4576 | D:4      | Reached skill level 5 in Charms
  4973 | D:4      | Found a stormy altar of Qazlal.
  5169 | D:4      | Found a staircase to the Ecumenical Temple.
  5174 | Temple   | Entered the Ecumenical Temple
  5266 | Temple   | Became a worshipper of Vehumet
  5334 | D:5      | Entered Level 5 of the Dungeon
  5349 | D:5      | Got a bloodstained hand axe
  5360 | D:5      | Identified the +10 hand axe "Ymy Wyr" {drain, rElec} (You found it on level 5 of the Dungeon)
  5659 | D:5      | Reached XP level 8. HP: 21/41 MP: 8/20
  5840 | D:5      | Learned a level 4 spell: Fulminant Prism
  6099 | D:5      | Reached skill level 1 in Hexes
  6163 | D:5      | Found a white marble altar of Elyvilon.
  6164 | D:5      | Found a sparkling altar of Nemelex Xobeh.
  6535 | D:5      | Reached * piety under Vehumet
  6535 | D:5      | Offered knowledge of Shock by Vehumet.
  6538 | D:5      | Learned a level 1 spell: Shock
  7083 | D:6      | Found Cieroladd's Assorted Antiques.
  7119 | D:6      | Found Xikk's Distillery.
  7178 | D:6      | Got a steaming dagger
  7179 | D:6      | Identified the cursed +0 dagger "Neq Pof" {pierce, MR+ Int+5} (You found it on level 6 of the Dungeon)
  7319 | D:6      | Found a snail-covered altar of Cheibriados.
  7381 | D:6      | Found an opulent altar of Gozag.
  7582 | D:6      | Found a deep blue altar of Sif Muna.
  7946 | D:7      | Found a hazy altar of Hepliaklqana.
  7946 | D:7      | Found a glowing golden altar of the Shining One.
  8010 | D:7      | Reached skill level 1 in Fighting
  8195 | D:7      | Gained mutation: Your magical capacity is low. (-10% MP) [mutagenic meat]
  8196 | D:7      | Gained mutation: You have sharp toenails. [mutagenic meat]
  8197 | D:7      | Gained mutation: You have a pair of small antennae on your head. [mutagenic meat]
  8198 | D:7      | Gained mutation: Your magical capacity is very low. (-20% MP) [mutagenic meat]
  8358 | D:7      | Reached XP level 9. HP: 52/52 MP: 17/19
  9132 | D:8      | Found a staircase to the Lair.
  9155 | D:8      | Offered knowledge of Sting by Vehumet.
  9264 | D:8      | Reached ** piety under Vehumet
  9293 | D:8      | Found a shattered altar of Ashenzari.
  9470 | D:8      | Reached XP level 10. HP: 23/56 MP: 5/20
  9481 | D:8      | HP: 2/84 [hippogriff (6)]
  9482 | D:8      | Slain by a hippogriff

Skill      XL: |  1  2  3  4  5  6  7  8 |
---------------+-------------------------+-----
Conjurations   | 5 6 7 8 11 | 11.4
Spellcasting   | 4 5 6 9 |  9.5
Charms         | 1 4 6 11 | 11.6
Hexes          | 6 |  6.7
Fighting       | 3 |  3.9
Dodging        | |  2.4
Stealth        | |  2.4

Action                   |  1- 3 |  4- 6 |  7- 9 | 10-12 || total
-------------------------+-------+-------+-------+-------++-------
Melee: Spear             |     8 |       |       |       ||     8
       Club              |       |     7 |       |       ||     7
       Dagger            |       |       |     1 |     3 ||     4
 Cast: Magic Dart        |    51 |    92 |    92 |       ||   235
       Searing Ray       |    10 |    18 |    27 |     3 ||    58
       Iskenderun's Myst |       |     6 |     3 |       ||     9
       Iskenderun's Batt |       |     1 |    19 |       ||    20
       Dazzling Spray    |       |     1 |     1 |       ||     2
       Fulminant Prism   |       |       |    12 |       ||    12
Evoke: Wand              |       |     1 |       |       ||     1
  Use: Scroll            |       |     2 |     5 |       ||     7
       Potion            |       |       |    13 |       ||    13
  Eat: Chunk             |     2 |     5 |    12 |       ||    19
       Bread ration      |       |     1 |     1 |       ||     2
       Beef jerky        |       |       |     2 |       ||     2
       Pizza             |       |       |     1 |       ||     1
       Fruit             |       |       |     4 |       ||     4
Armor: Robe              |       |     2 |       |       ||     2
       Skin              |       |       |    11 |    25 ||    36
Dodge: Dodged            |    12 |    45 |    22 |     2 ||    81
Block: Buckler           |       |       |     8 |     5 ||    13
